 Dungeon Crawl Stone Soup version 0.32-a0-818-gb728d02 (webtiles) character file.

Game seed: 10278515982990242434

617 Dorkslayer the Chopper (level 7, -1/48 HPs)
             Began as an Octopode Fighter on Mar 24, 2024.
             Slain by a sky beast (5 damage)
             ... on level 6 of the Dungeon.
             The game lasted 00:09:33 (3485 turns).

Dorkslayer the Chopper (Octopode Fighter)           Turns: 3485, Time: 00:09:34

Health: -1/48      AC:  1    Str: 17    XL:     7   Next: 45%
Magic:  7/7        EV: 12    Int: 11    God:
Gold:   325        SH:  4    Dex: 11    Spells: 6/6 levels left

rFire   . . .        a - +0 war axe
rCold   . . .        b - +0 buckler
rNeg    + . .        (helmet restricted)
rPois   .            (no amulet)
rElec   .            f - ring of positive energy
rCorr   .            (no ring)
SInv    .            (no ring)
Will    .....        (no ring)
Stlth   +++          (no ring)
HPRegen 0.28/turn    (no ring)
MPRegen 0.10/turn    (no ring)
                     (no ring)

%: no passive effects
@: no status effects
A: almost no armour, amphibious, 8 rings, camouflage 1, gelatinous body 1,
(nimble swimmer 1), tentacles
a: no special abilities


You were on level 6 of the Dungeon.
You visited 1 branch of the dungeon, and saw 6 of its levels.

You collected 325 gold pieces.

Inventory:

Hand Weapons
 a - a +0 war axe (weapon)
Missiles
 h - 4 javelins
 o - 4 boomerangs (quivered)
Armour
 b - a +0 buckler (worn)
Jewellery
 f - a ring of positive energy (left tentacle)
Wands
 d - a wand of digging (4)
Scrolls
 e - 6 scrolls of teleportation
 k - a scroll of brand weapon {unknown}
 l - a scroll of amnesia {unknown}
 n - a scroll of fear {unknown}
Potions
 c - 3 potions of might
 g - 2 potions of berserk rage
 i - a potion of curing {unknown}
 j - a potion of attraction {unknown}
 m - 2 potions of brilliance {unknown}
 p - a potion of haste {unknown}


   Skills:
 + Level 4.1 Fighting
 + Level 5.1 Axes
 + Level 4.2 Dodging
 + Level 3.6 Stealth
 + Level 4.0 Shields
 * Level 2.2 Evocations


You had 6 spell levels left.
You didn't know any spells.
Your spell library contained the following spells:

 Spells                   Type           Power      Damage    Failure   Level
 Slow                     Hex            0%         N/A       41%         1
 Blink                    Tloc           0%         N/A       56%         2
 Lesser Beckoning         Tloc           0%         N/A       56%         2
 Momentum Strike          Conj/Tloc      0%         3d8       56%         2
 Confusing Touch          Hex            0%         N/A       80%         3
 Vampiric Draining        Necr           0%         2d6       80%         3


Dungeon Overview and Level Annotations

Branches:
Dungeon (6/15)
 Temple: D:4-7

Altars:
Ashenzari
Hepliaklqana
Qazlal
Uskayaw
Xom
Zin


Innate Abilities, Weirdness & Mutations

You cannot wear most types of armour.
You are amphibious.
You can wear up to eight rings at the same time.
Your skin changes colour to match your surroundings (Stealth+).
Your rubbery body absorbs attacks. (AC +1, EV +1)
((You are camouflaged when in or above water. (Stealth+)))
You have tentacles for arms and can constrict up to eight enemies at once.


Message History

An orc comes into view. It is wielding a +0 short sword.
The adder hisses angrily.
You barely miss the adder.
The orc shouts!
You grab the adder. You constrict the adder!
You kill the adder!
A sky beast comes into view.
You see here an adder corpse.
You barely miss the orc. You grab the orc. You constrict the orc.
The orc hits you with a +0 short sword.
You hit the orc but do no damage. You squeeze the orc.
You kill the orc!
The sky beast flickers out of sight!
Deactivating autopickup; reactivate with Ctrl-A.
Reactivating autopickup.
A sky beast appears from thin air!
Items here: $ ( ) [.
The sky beast completely misses you.
You closely miss the sky beast. The sky beast hits you.
The sky beast shocks you. The sky beast closely misses you.
You hit the sky beast.
The sky beast is lightly wounded.
The sky beast closely misses you.
You completely miss the sky beast.
The sky beast is lightly wounded.
You block the sky beast's attack.
You barely miss the sky beast.
The sky beast flickers out of sight!
Deactivating autopickup; reactivate with Ctrl-A.
Something hits you. Something shocks you. Something hits you.
Something shocks you.
You closely miss something. Something hits you.
* * * LOW HITPOINT WARNING * * *
Something shocks you.
* * * LOW HITPOINT WARNING * * *
You miss something.
Reactivating autopickup.
A sky beast appears from thin air!
The sky beast hits you.
* * * LOW HITPOINT WARNING * * *
The sky beast shocks you.
You die...

# ##### #. ##...## #..
##.....# ###.##
###......#
##ß...ß######......#.#
#.........##.......#.#
......Y@$†.......###.#
..............#### #.#
###....######## #.#
##.## #.# # #######
########### #.#
..#..##.# #.........#
##.#
#.#..##.####.......#.
#..#
#.........##..#.#..#.#
#.##
.....##.#.....#....#.#
#.#


You could see a sky beast.

Vanquished Creatures
  2 black bears
  An ogre (D:6)
  A bombardier beetle (D:3)
  A hound (D:6)
  Natasha (twice) (D:4)
  An iguana (D:6)
  Robin (D:4)
  3 gnolls (D:5)
  4 adders
  A shadow imp (D:5)
  4 ufetubi
  3 dart slugs
  2 ribbon worms
  6 orcs
  4 bats
  8 endoplasms
  2 giant cockroaches
  14 goblins
  10 hobgoblins
  7 jackals (D:1)
  6 quokkas
  2 ball pythons (D:4)
  6 frilled lizards
  5 kobolds
  6 rats
102 creatures vanquished.

Notes
Turn   | Place    | Note
-------+----------+-------------------------------------------
     0 | D:1      | Dorkslayer the Octopode Fighter began the quest for the
                  | Orb.
     0 | D:1      | Reached XP level 1. HP: 16/16 MP: 1/1
   129 | D:1      | Reached XP level 2. HP: 9/21 MP: 2/2
   460 | D:1      | Reached XP level 3. HP: 21/26 MP: 3/3
  1080 | D:2      | Found a faded altar of an unknown god.
  1304 | D:3      | Reached XP level 4. HP: 31/31 MP: 4/4
  1311 | D:3      | Reached skill level 3 in Axes
  1311 | D:3      | Reached skill level 1 in Stealth
  1665 | D:3      | Reached XP level 5. HP: 22/36 MP: 5/5
  1799 | D:3      | Found a glowing silver altar of Zin.
  1922 | D:4      | Found a shimmering altar of Xom.
  1938 | D:4      | Noticed a fire elemental
  1941 | D:4      | Found a stormy altar of Qazlal.
  1946 | D:4      | Noticed an air elemental
  1946 | D:4      | Noticed a water elemental
  1969 | D:4      | Identified the +0 leather armour "Gaurchoa" {rCorr Str+2
                  | Int+8}
  1996 | D:4      | Noticed a +0 dagger
  2007 | D:4      | Noticed a +0 spear
  2008 | D:4      | Noticed a +0 short sword
  2008 | D:4      | Noticed a +0 dagger
  2009 | D:4      | Noticed a +0 falchion
  2009 | D:4      | Noticed a +0 short sword
  2009 | D:4      | Noticed a +0 spear
  2009 | D:4      | Noticed a +0 falchion
  2023 | D:4      | Found a hide-covered altar of Uskayaw.
  2030 | D:4      | Noticed a black bear
  2037 | D:4      | Killed a black bear
  2038 | D:4      | Reached skill level 4 in Axes
  2223 | D:4      | Reached XP level 6. HP: 21/43 MP: 6/6
  2370 | D:4      | Noticed Robin
  2382 | D:4      | Killed Robin
  2480 | D:4      | Noticed Natasha
  2486 | D:4      | Killed Natasha
  2593 | D:4      | Noticed Natasha
  2606 | D:4      | Killed Natasha
  2613 | D:5      | Entered Level 5 of the Dungeon
  3205 | D:6      | Found a hazy altar of Hepliaklqana.
  3212 | D:6      | Reached skill level 1 in Evocations
  3214 | D:6      | Found a broken altar of Ashenzari.
  3269 | D:6      | Noticed a black bear
  3275 | D:6      | Killed a black bear
  3276 | D:6      | Reached XP level 7. HP: 30/48 MP: 7/7
  3367 | D:6      | Reached skill level 5 in Axes
  3485 | D:6      | Slain by a sky beast

Illustrated notes

Levels and vault maps discovered:
D:1:      elethiomel_arrival_infinity_welcomes_careful_drivers, layout_basic,
          minmay_misc_feat_columns, chequers_serial_rivers_marsh,
          minmay_hexomino_r4
D:2:      layout_rooms, hellmonk_ecumenical_altar_run_dry, chequers_jeans
D:3:      layout_basic, zin_statuary, serial_park_tiny_1, serial_bayou_pond_d
D:4:      minmay_door_path, layout_rooms, nicolae_uskayaw_en_pointe,
          kennysheep_mini_moat, nicolae_qazlal_style_of_elements, uniq_robin,
          uniq_natasha
D:5:      layout_basic, kennysheep_boxes
D:6:      layout_loops_cross, nicolae_tso_carved_into_rock,
          grunt_temple_overflow_open

Skill      XL: |  1  2  3  4  5  6  7 |
---------------+----------------------+-----
Axes           | 3 4 5 |  5.1
Stealth        | 1 2 3 |  3.6
Dodging        | 4 |  4.2
Evocations     | 1 2 |  2.2
Fighting       | 4 |  4.1
Shields        | 4 |  4.0

Action                     |  1- 3 |  4- 6 |  7- 9 || total
---------------------------+-------+-------+-------++-------
  Melee: War axe           |    71 |    87 |    23 ||   181
         Constrict         |    18 |    26 |     4 ||    48
         Tentacles         |    11 |    17 |     6 ||    34
  Throw: Boomerang         |       |     1 |       ||     1
    Use: Scroll            |     2 |     5 |       ||     7
         Potion            |       |     2 |       ||     2
   Stab: Sleeping          |     1 |     7 |       ||     8
 Armour: Skin              |    38 |    43 |    13 ||    94
  Dodge: Dodged            |    56 |    49 |    22 ||   127
  Block: Buckler           |    18 |    22 |     7 ||    47

Table legend: (Time is in decaauts)
 A = Elapsed time spent in this place.
 B = Non-inter-level travel time spent in this place.
 C = Inter-level travel time spent in this place.
 D = Time resting spent in this place.
 E = Time spent auto-exploring this place.
 F = Levels seen in this place.
 G = Mean time per level.
                   A        B        C        D        E       F      G
               +--------+--------+--------+--------+--------+-----+--------+
         Total |   3549 |   3549 |      0 |     52 |   1656 |   6 |  591.5 |
       Dungeon |   3549 |   3549 |      0 |     52 |   1656 |   6 |  591.5 |
               +--------+--------+--------+--------+--------+-----+--------+

Top non-repeatable levels by time:
     D:1: 872 daAuts
     D:4: 732 daAuts
     D:3: 619 daAuts
     D:5: 557 daAuts
     D:2: 440 daAuts
     D:6: 326 daAuts
